 Dungeon Crawl Stone Soup version 0.25-a0-435-g4b9beb1024 (webtiles) character file.

Game seed: 16554937589132503110, levelgen mode: deterministic

44 Nattfarinn the Vexing (level 3, -2/19 HPs)
             Began as a Vampire Enchanter on Jan 26, 2020.
             Slain by an adder (4 damage)
             ... on level 2 of the Dungeon.
             The game lasted 00:02:35 (1610 turns).

Nattfarinn the Vexing (Vampire Enchanter)           Turns: 1610, Time: 00:02:36

Health: -2/19      AC:  2    Str:  7    XL:     3   Next: 41%
Magic:  0/6        EV: 13    Int: 18    God:
Gold:   64         SH:  0    Dex: 14    Spells: 0/6 levels left

rFire    . . .     SeeInvis +   a - +1 dagger
rCold    + + .     Gourm    .   (no shield)
rNeg     + + +     Faith    .   b - +0 robe
rPois    ∞         Spirit   .   (no helmet)
rElec    .         Reflect  .   (no cloak)
rCorr    .         Harm     .   (no gloves)
MR       .....                  (no boots)
Stlth    +++++.....             (no amulet)
HPRegen  0.00/turn              (no ring)
MPRegen  0.10/turn              (no ring)

@: bloodless
A: no food, fangs 3, see invisible, unbreathing
a: Bat Form, Revivify


You were on level 2 of the Dungeon.
You were bloodless.

You visited 1 branch of the dungeon, and saw 2 of its levels.

You collected 64 gold pieces.

Inventory:

Hand Weapons
 a - a +1 dagger (weapon)
Armour
 b - a +0 robe (worn)
Scrolls
 c - a scroll of teleportation {unknown}
 e - a scroll of enchant weapon {unknown}
Potions
 d - a potion of degeneration {unknown}


   Skills:
 - Level 1.1 Short Blades
 + Level 2.8 Dodging
 + Level 5.1 Stealth
 - Level 2.0 Spellcasting
 * Level 5.6 Hexes


You couldn't memorise any spells.
You knew the following spells:

 Your Spells              Type           Power        Failure   Level  Hunger
a - Corona                Hex            ###....      1%          1    N/A
b - Ensorcelled Hibernat  Hex/Ice        ##....       9%          2    N/A
c - Tukima's Dance        Hex            ###.....     5%          3    N/A

Your spell library contained the following spells:

 Spells                   Type           Power        Failure   Level  Hunger
 Confusing Touch          Hex            ###.....     5%          3    N/A
 Dazzling Flash           Conj/Hex       ##....       17%         3    N/A

Dungeon Overview and Level Annotations

Branches:
Dungeon (2/15)

Altars:


Innate Abilities, Weirdness & Mutations

You do not eat.
You do not regenerate when monsters are visible.
You are frail without blood (-20% HP).
You can heal yourself when you bite living creatures.
You are immune to poison.
You have razor-sharp teeth.
You have supernaturally acute eyesight. (SInv)
You can survive without breathing.


Message History

The adder closely misses you. The adder bites you but does no damage.
You miss the adder. Your bite misses the adder.
The adder is moderately wounded.
The adder bites you.
You closely miss the adder.
The adder is moderately wounded.
The adder bites you.
* * * LOW HITPOINT WARNING * * *
You closely miss the adder. Your bite misses the adder.
The adder is moderately wounded.
The adder bites you.
* * * LOW HITPOINT WARNING * * *
Casting: Ensorcelled Hibernation (safe; 9% risk of failure)
Confirm with . or Enter, or press ? or * to list all spells.
Aiming: Ensorcelled Hibernation (safe; 9% risk of failure)
Press: ? - help, Shift-Dir - straight line, f - adder
Aim: an adder (moderately wounded, chance to defeat MR: 50%)
The adder resists with some effort.
The adder closely misses you. The adder bites you.
You die...

......# #.l.....<.
..>...###.........
............w.....
.................
.####.##r(........... #
...#.#....##......r.
..##.#.#..†####.....(.
#.......#..##########
#.......##rS@#
#.......####.#
#......#####.#######
#...<...)..#.......# .
#...).#.##.........# .
.......#..##........#.#
#......##.##........#.#
>......
#.#...........##. ##
...####
#.#.#...............


You could see an adder and a quokka.

Vanquished Creatures
  An adder (D:2)
  An ooze (D:1)
  3 worms (D:2)
  A dart slug (D:1)
  A leopard gecko (D:2)
  5 jackals
  5 bats
  2 frilled lizards (D:1)
  A kobold (D:2)
  A rat (D:2)
21 creatures vanquished.

Notes
Turn   | Place    | Note
-------+----------+-------------------------------------------
     0 | D:1      | Nattfarinn the Vampire Enchanter began the quest for the
                  | Orb.
     0 | D:1      | Reached XP level 1. HP: 13/13 MP: 3/3
   327 | D:1      | Reached XP level 2. HP: 15/15 MP: 5/5
   350 | D:1      | Reached skill level 5 in Hexes
   995 | D:1      | Learned a level 2 spell: Ensorcelled Hibernation
  1549 | D:2      | Reached XP level 3. HP: 19/19 MP: 3/6
  1554 | D:2      | Learned a level 3 spell: Tukima's Dance
  1587 | D:2      | Reached skill level 5 in Stealth
  1610 | D:2      | Slain by an adder

Levels and vault maps discovered:
D:1:      nicolae_arrival_memento_mori, layout_loops_ring
D:2:      layout_rooms, uniq_crazy_yiuf_cottage

Skill      XL: |  1  2  3 |
---------------+----------+-----
Hexes          | 5 |  5.6
Stealth        | 5 |  5.1
Short Blades   | |  1.1
Dodging        | |  2.8
Spellcasting   | |  2.0

Action                   || total
-------------------------++-------
Melee: Dagger            ||    77
       Bite              ||     3
 Cast: Ensorcelled Hiber ||    11
       Corona            ||     6
 Abil: Exsanguinate      ||     1
 Stab: Sleeping          ||    12
Armor: Robe              ||    19
Dodge: Dodged            ||    71

Table legend:
 A = Non-vault XP
 B = Vault XP
 C = Vault XP percentage of total XP
 D = Non-vault monster count
 E = Vault monster count
 F = Vault count percentage of total count
                 A         B        C        D         E       F
            +---------+---------+-------+---------+---------+-------
      Total |      64 |       0 |   0.0 |      21 |       0 |   0.0
            +---------+---------+-------+---------+---------+-------
        D:1 |      25 |       0 |   0.0 |      11 |       0 |   0.0
        D:2 |      39 |       0 |   0.0 |      10 |       0 |   0.0
            +---------+---------+-------+---------+---------+-------
